Map: Ulrena

Players

ImmortalZodd

  • Race: Zerg Zerg
  • League: Silver

Gravy - Winner!

  • Race: Terran Terran
  • League: Silver

VOD

Have the link to the VOD?

Description

Time

  • Played on: Jan. 29, 2016, 4:14 p.m.
  • Length: 6:09
Show
View Real Time Build Order
Export as new Build Order

ImmortalZodd Zerg 

Build Orders: Hatch First 

Get SALT Encoding   

  12  0:09  Drone x2  
  14  0:19  Extractor  
  14  0:20  Drone  
  15  0:24  Overlord  
  15  0:47  Extractor  
  14  0:51  Hatchery  
  13  0:57  Drone x2  
  15  1:12  Drone  
  15  1:13  Drone  
  17  1:27  Drone, Spawning Pool  
  17  1:31  Drone  
  18  1:43  Drone  
  19  2:01  Drone  
  19  2:05  Drone x2  
  22  2:13  Overlord  
  22  2:15  Drone  
  23  2:16  Metabolic Boost  
  23  2:17  Queen  
  25  2:24  Queen  
  25  2:27  Zergling x2  
  28  2:32  Zergling x2  
  28  2:34  Zergling x2  
  30  2:41  Zergling x2  
  31  2:45  Overlord  
  31  2:50  Drone  
  32  3:01  Drone x2  
  34  3:08  Queen  
  36  3:13  Drone  
  36  3:14  Drone  
  37  3:22  Zergling x4  
  39  3:27  Roach Warren  
  39  3:28  Drone  
  39  3:29  Extractor  
  39  3:31  Extractor  
  39  3:33  Drone  
  38  3:37  Lair  
  38  3:43  Zergling x6  
  38  3:44  Zergling x4  
  43  3:59  Overlord x3  
  43  4:16  Queen  
  43  4:18  Drone x2  
  43  4:19  Drone x6  
  43  4:20  Drone  
  54  4:33  Drone x3  
  54  4:36  Glial Reconstitution  
  57  4:43  Roach x2  
  61  4:50  Evolution Chamber  
  60  5:14  Hatchery  
  60  5:15  Roach x4  
  67  5:22  Overlord x4  
Show
View Real Time Build Order
Export as new Build Order

Gravy Terran - Winner!

Build Orders:  

Get SALT Encoding   

  12  0:00  SCV  
  13  0:15  Supply Depot  
  13  0:18  SCV  
  14  0:24  Refinery  
  14  0:30  SCV  
  15  0:43  Barracks  
  15  0:48  SCV  
  16  1:00  SCV  
  17  1:12  SCV  
  17  1:13  Barracks  
  18  1:31  Supply Depot, Orbital Command  
  18  1:36  Marine  
  19  1:48  Factory  
  19  1:59  SCV  
  19  2:00  Refinery  
  20  2:08  Barracks Tech Lab  
  20  2:10  Barracks Reactor  
  20  2:11  SCV  
  21  2:23  Engineering Bay  
  21  2:28  SCV  
  22  2:30  Marine  
  23  2:37  Starport  
  23  2:38  Factory Tech Lab  
  23  2:41  SCV  
  24  2:47  Marine  
  24  2:48  Marine  
  26  2:54  Marauder  
  28  3:00  Stimpack  
  28  3:03  SCV  
  29  3:15  Starport Reactor  
  29  3:21  Marine x2  
  31  3:27  Supply Depot  
  31  3:31  Terran Infantry Weapons Level 1  
  31  3:48  Marine x2  
  31  3:49  Marauder  
  31  3:50  Supply Depot  
  31  3:54  Medivac  
  37  4:10  Marauder  
  37  4:14  Command Center  
  39  4:20  Marine x2  
  41  4:33  Medivac  
  41  4:34  Medivac  
  45  4:41  Marauder  
  47  4:46  Marine x2  
  49  5:02  Marauder  
  49  5:03  Marine  
  49  5:04  Marine  
  49  5:06  Medivac  
  55  5:25  Marine x2  
  55  5:26  Orbital Command  
  57  5:50  Marine x2  
  57  5:51  Marine  
Tags
 
Add a new tag
Caveats
  • Supply blocks, unpowered buildings, or Contaminate may cause inaccurate times.
  • Supply counts are checked every 10 seconds.